 Dungeon Crawl Stone Soup version 0.30.1-11-g7821555f0a (webtiles) character file.

Game seed: 6899843632626594087

658 lonewolfV2 the Ducker (level 7, -3/64 HPs)
             Began as a Minotaur Fighter on Nov 6, 2023.
             Killed by divine providence
             ... invoked by an orc priest
              (16 damage)
             ... on level 6 of the Dungeon.
             The game lasted 00:03:36 (3011 turns).

lonewolfV2 the Ducker (Minotaur Fighter)            Turns: 3011, Time: 00:03:37

Health: -3/64      AC:  6    Str: 21    XL:     7   Next: 29%
Magic:  6/6        EV: 17    Int:  5    God:
Gold:   121        SH:  4    Dex: 11    Spells: 6/6 levels left

rFire   . . .        a - +0 war axe
rCold   . . .        c - +0 buckler
rNeg    + . .        b - +0 scale mail
rPois   .            (helmet restricted)
rElec   .            (no cloak)
rCorr   .            (no gloves)
SInv    .            (no boots)
Will    .....        (no amulet) Stlth
                     h - +5 ring of evasion
HPRegen 0.30/turn    f - ring of positive energy
MPRegen 0.10/turn

%: no passive effects
@: mighty, lethally poisoned (-3 -> -7)
A: horns 2, retaliatory headbutt
a: no special abilities


You were on level 6 of the Dungeon.
You visited 1 branch of the dungeon, and saw 5 of its levels.

You collected 121 gold pieces.

Inventory:

Hand Weapons
 a - a +0 war axe (weapon)
Armour
 b - a +0 scale mail (worn)
 c - a +0 buckler (worn)
Jewellery
 f - a ring of positive energy (right hand)
 h - a +5 ring of evasion (left hand)
Scrolls
 e - a scroll of vulnerability
 m - 2 scrolls of teleportation
 p - a scroll of amnesia
Potions
 g - a potion of heal wounds
 j - a potion of degeneration {unknown}
 k - a potion of lignification
 l - a potion of brilliance {unknown}
 q - a potion of flight {unknown}
 r - a potion of curing {unknown}


   Skills:
 + Level 6.5 Fighting
 - Level 2.4 Axes
 - Level 3.6 Armour
 * Level 7.0 Dodging
 - Level 3.6 Shields


You had 6 spell levels left.
You didn't know any spells.
Your spell library contained the following spells:

 Spells                   Type           Power      Damage    Failure   Level
 Dazzling Flash           Conj/Hex       0%         N/A       99%         3
 Anguish                  Hex/Necr       0%         N/A       100%        4
 Cause Fear               Hex            0%         N/A       100%        4
 Agony                    Necr           0%         N/A       100%        5
 Silence                  Hex/Air        0%         N/A       100%        5
 Enfeeble                 Hex            0%         N/A       100%        7


Dungeon Overview and Level Annotations

Branches:
Dungeon (6/15)
 Temple: D:4-7

Altars:
Trog


Innate Abilities, Weirdness & Mutations

You have a pair of horns on your head.
You reflexively headbutt those who attack you in melee.


Message History

You feel sick. The killer bee barely misses you. You furiously retaliate!
You headbutt the killer bee!!
You kill the killer bee!
The killer bee misses you.
You feel much better.
You feel sick. The killer bee closely misses you. The killer bee stings you.
You slash the killer bee!
You kill the killer bee!
You feel sick.
The killer bee misses you. x2; You furiously retaliate!
You headbutt the killer bee!
Your Dodging skill increases to level 7!
You closely miss the killer bee.
The killer bee is heavily wounded.
You feel sick.
You are no longer poisoned.
The killer bee closely misses you.
The killer bee stings you but does no damage.
You block the killer bee's attack.
You closely miss the killer bee.
The killer bee is heavily wounded.
The killer bee misses you. The killer bee stings you.
You are poisoned.
The killer bee poisons you! The killer bee barely misses you.
You closely miss the killer bee.
The killer bee is heavily wounded.
You feel very sick. The killer bee completely misses you.
The killer bee stings you.
The orc priest calls down the wrath of Beogh upon you.
Beogh smites you!
* * * LOW HITPOINT WARNING * * *
The killer bee stings you.
* * * LOW HITPOINT WARNING * * *
You barely miss the killer bee. Your headbutt misses the killer bee.
The killer bee is heavily wounded.
You feel sick.
The killer bee stings you but does no damage.
The killer bee closely misses you.
The orc priest mumbles some strange prayers to Beogh against you.
Beogh smites you!
You die...

..
....###########.#
......ooy@......#
....###.#########
# #.# #.# #.# #.#
#.# #.# #.#


You could see a killer bee, an orc priest and an orc.

Vanquished Creatures
  Grinder (D:3)
  5 killer bees (D:6)
  A hound (D:3)
  An orc priest (D:3)
  Jessica (D:3)
  Ijyb (D:3)
  An orc wizard (D:3)
  4 adders (D:3)
  2 dart slugs
  4 orcs
  9 ball pythons
  6 endoplasms
  A giant cockroach (D:4)
  7 hobgoblins
  6 jackals
  3 quokkas
  4 bats
  3 frilled lizards
  5 goblins
  2 kobolds
  3 rats
70 creatures vanquished.

Notes
Turn   | Place    | Note
-------+----------+-------------------------------------------
     0 | D:1      | lonewolfV2 the Minotaur Fighter began the quest for the
                  | Orb.
     0 | D:1      | Reached XP level 1. HP: 19/19 MP: 0/0
   148 | D:1      | Reached skill level 1 in Dodging
   231 | D:1      | Reached XP level 2. HP: 27/27 MP: 1/1
   485 | D:1      | Reached skill level 2 in Dodging
   977 | D:2      | Reached XP level 3. HP: 33/33 MP: 2/2
  1708 | D:3      | Noticed Jessica
  1709 | D:3      | Noticed Ijyb
  1720 | D:3      | Killed Jessica
  1721 | D:3      | Reached skill level 3 in Dodging
  1721 | D:3      | Reached XP level 4. HP: 22/41 MP: 3/3
  1722 | D:3      | Killed Ijyb
  1981 | D:3      | Reached skill level 4 in Dodging
  1983 | D:3      | Reached XP level 5. HP: 11/47 MP: 4/4
  1985 | D:3      | Reached skill level 5 in Fighting
  2125 | D:3      | Found a bloodstained altar of Trog.
  2425 | D:3      | Reached skill level 5 in Dodging
  2552 | D:3      | Noticed Grinder
  2553 | D:3      | Paralysed by Grinder for 4 turns
  2571 | D:3      | Killed Grinder
  2572 | D:3      | Reached skill level 6 in Dodging
  2572 | D:3      | Reached XP level 6. HP: 34/57 MP: 5/5
  2985 | D:4      | You fall into a shaft and drop 2 floors!
  3001 | D:6      | Reached XP level 7. HP: 36/63 MP: 6/6
  3008 | D:6      | Reached skill level 7 in Dodging
  3011 | D:6      | Killed from afar by an orc priest

Illustrated notes

Levels and vault maps discovered:
D:1:      dpeg_arrival_signposts, layout_basic, nrook_mini_backslash
D:2:      layout_loops_cross
D:3:      layout_loops_ring, mainiacjoe_overflow_paths, minmay_unequal,
          uniq_grinder, uniq_jessica, uniq_ijyb
D:4:      layout_basic, mainiacjoe_overflow_small_starburst, serial_shops,
          nicolae_shop_stone, minmay_bisected
D:6:      layout_basic, minmay_temple_entry_ruins, gup_sewer_entry_pipe,
          enter_ossuary_1

Skill      XL: |  1  2  3  4  5  6  7 |
---------------+----------------------+-----
Dodging        | 1 2 3 4 6 7 |  7.0
Fighting       | 4 6 |  6.5
Axes           | |  2.4
Armour         | |  3.6
Shields        | |  3.6

Action                     |  1- 3 |  4- 6 |  7- 9 || total
---------------------------+-------+-------+-------++-------
  Melee: War axe           |    76 |    50 |     9 ||   135
         Headbutt          |     7 |     6 |       ||    13
    Use: Scroll            |     8 |     3 |       ||    11
         Potion            |     2 |       |     2 ||     4
 Armour: Scale mail        |    22 |    12 |     3 ||    37
  Dodge: Dodged            |    51 |    36 |    13 ||   100
  Block: Buckler           |    16 |    11 |     2 ||    29
